 Dungeon Crawl Stone Soup version 0.30.1-11-g7821555f0a (webtiles) character file.

Game seed: 4603438223915703446

343 MrIGI the Ruffian (level 6, -1/61 HPs)
             Began as a Troll Fighter on Dec 22, 2023.
             Succumbed to a killer bee's poison
             ... on level 7 of the Dungeon.
             The game lasted 00:06:07 (1921 turns).

MrIGI the Ruffian (Troll Fighter)                   Turns: 1921, Time: 00:06:07

Health: -1/61      AC:  5    Str: 27    XL:     6   Next: 31%
Magic:  5/5        EV: 10    Int:  4    God:
Gold:   170        SH:  5    Dex:  9    Spells: 5/5 levels left

rFire   . .          .
                       - Unarmed
rCold   . . .        (no shield)
rNeg    . . .        a - +0 robe
rPois   .            (helmet restricted)
rElec   .            n - +0 cloak
rCorr   +            (gloves unavailable)
SInv    .            (boots unavailable)
Will    .....        p - amulet of reflection
Stlth   +            h - ring of resist corrosion
HPRegen 1.10/turn    (no ring)
MPRegen 0.09/turn

%: reflection
@: lethally poisoned (-1 -> -5)
A: large, unfitting armour, claws 3, regeneration 1, shaggy fur 1, tough skin 1
a: no special abilities


You were on level 7 of the Dungeon.
You visited 1 branch of the dungeon, and saw 5 of its levels.

You collected 170 gold pieces.

Inventory:

Armour
 a - a +0 robe (worn)
 b - a +0 kite shield
 f - an orb of wrath
 n - a +0 cloak (worn)
Jewellery
 h - a ring of resist corrosion (left claw)
 p - an amulet of reflection (around neck)
Scrolls
 d - 2 scrolls of fear {unknown}
 j - 2 scrolls of magic mapping {unknown}
 l - a scroll of noise {unknown}
 o - a scroll of identify {unknown}
 q - a scroll of fog {unknown}
Potions
 c - 3 potions of might
 e - 3 potions of curing {unknown}
 g - 2 potions of degeneration {unknown}
 i - 2 potions of flight {unknown}
 k - a potion of heal wounds {unknown}
 m - a potion of invisibility {unknown}
 r - a potion of berserk rage {unknown}


   Skills:
 + Level 3.3 Fighting
 + Level 3.4 Dodging
 + Level 3.7 Shields
 * Level 4.4 Unarmed Combat


You had 5 spell levels left.
You didn't know any spells.
Your spell library contained the following spells:

 Spells                   Type           Power      Damage    Failure   Level
 Beastly Appendage        Tmut           0%         N/A       50%         1
 Cigotuvi's Dreadful Rot  Necr/Pois/Air  0%         N/A       65%         2
 Wereblood                Tmut           0%         N/A       65%         2
 Ignite Poison            Fire/Tmut/Pois 0%         N/A       86%         3
 Spider Form              Tmut/Pois      0%         N/A       86%         3
 Freezing Cloud           Conj/Ice/Air   0%         6-21      100%        5


Dungeon Overview and Level Annotations

Branches:
Dungeon (4/15)
 Temple: D:4-7

Altars:
Ashenzari
Dithmenos
Makhleb
Nemelex Xobeh
Okawaru
Xom

Shops:
D:4 (


Innate Abilities, Weirdness & Mutations

You are too large for most types of armour.
You have claws for hands.
Your natural rate of healing is unusually fast.
You are covered in fur. (AC +1)
You have tough skin. (AC +1)


Message History

The killer bee poisons you!
You see here a scroll labelled QIRUPT ZYFE.
The killer bee attacks as you move away!
The killer bee stings you.
You feel sick. The killer bee stings you.
You are more poisoned.
The killer bee poisons you!
You feel very sick. The killer bee stings you!
You are more poisoned.
The killer bee poisons you!
You feel very sick. The killer bee barely misses you.
You feel very sick. You block the killer bee's attack.
The killer bee attacks as you move away!
The killer bee stings you.
The killer bee attacks as you move away!
The killer bee barely misses you.
You feel very sick. The killer bee stings you!
You are more poisoned.
The killer bee poisons you!
You feel very sick. The killer bee barely misses you.
The killer bee attacks as you move away!
The killer bee stings you.
* * * LOW HITPOINT WARNING * * *
You feel very sick. The killer bee stings you.
* * * LOW HITPOINT WARNING * * *
You are more poisoned.
The killer bee poisons you!
You closely miss the killer bee.
You feel very sick. The killer bee closely misses you. x2
You closely miss the killer bee.
You feel sick. The killer bee stings you!
* * * LOW HITPOINT WARNING * * *
The killer bee closely misses you.
You miss the killer bee.
You die...

####.# .# .#####....#
##.##........
.......#?.##.#...#........
#....................
##.####.#...#........
#..Y................
###yy.............S.
#y##.##.#$..$..... #@# #
#....# #.# ##.#.# #.# ..
#†# #.# #5####.##### #.#
#........... #.#
######.##### #.# #.# #.#
#†# #.##########.#


You could see an ice beast and 3 killer bees.

Vanquished Creatures
  A water moccasin (D:7)
  An orc priest (D:3)
  2 orc wizards (D:3)
  An iguana (D:7)
  2 adders (D:3)
  A white imp (D:3)
  2 worms
  6 dart slugs
  8 orcs (D:3)
  9 ball pythons
  5 endoplasms
  4 giant cockroaches
  10 goblins
  2 hobgoblins
  14 jackals
  3 kobolds
  4 quokkas
  6 bats
  5 frilled lizards
  8 rats
94 creatures vanquished.

Notes
Turn   | Place    | Note
-------+----------+-------------------------------------------
     0 | D:1      | MrIGI the Troll Fighter began the quest for the Orb.
     0 | D:1      | Reached XP level 1. HP: 22/22 MP: 0/0
    79 | D:1      | Reached XP level 2. HP: 29/29 MP: 1/1
   304 | D:1      | Reached XP level 3. HP: 29/36 MP: 2/2
   602 | D:2      | Reached skill level 3 in Unarmed Combat
   648 | D:2      | Found a broken altar of Ashenzari.
   952 | D:2      | Reached XP level 4. HP: 44/44 MP: 3/3
  1229 | D:3      | Reached XP level 5. HP: 53/53 MP: 4/4
  1537 | D:3      | Reached skill level 4 in Unarmed Combat
  1551 | D:3      | Found an opulent altar of Gozag.
  1556 | D:3      | Found a sparkling altar of Nemelex Xobeh.
  1556 | D:3      | Found a broken altar of Ashenzari.
  1558 | D:3      | Found a shimmering altar of Xom.
  1558 | D:3      | Found an iron altar of Okawaru.
  1558 | D:3      | Found a burning altar of Makhleb.
  1659 | D:4      | Found a shadowy altar of Dithmenos.
  1768 | D:4      | Found Gojum's Antique Weapon Boutique.
  1814 | D:4      | You fall into a shaft and drop 3 floors!
  1842 | D:7      | Noticed a water moccasin
  1854 | D:7      | Killed a water moccasin
  1855 | D:7      | Reached XP level 6. HP: 43/61 MP: 5/5
  1910 | D:7      | Noticed an ice beast
  1920 | D:7      | HP: 1/61 [killer bee (8)]
  1921 | D:7      | Succumbed to a killer bee's poison

Illustrated notes

Levels and vault maps discovered:
D:1:      ldierk_walled_garden_2, layout_rooms, minmay_pentomino_u2
D:2:      layout_basic, basic_altar
D:3:      layout_rooms, doesnt_xom_only_xom, st_stairs_10, minmay_surrounded
D:4:      layout_cave_pods, lemuel_crystal_altar, pf_just_have_faith,
          lemuel_coloured_pillars_altar, nicolae_wu_jian_immortal_techniques,
          nzn_overflow_gifts_of_might_and_magic, serial_shops, shop,
          guppyfry_shop_venom
D:7:      cheibrodos_grave_circle, layout_loops_ring, minmay_temple_entry_grid

Skill      XL: |  1  2  3  4  5 |
---------------+----------------+-----
Shields        | 3 |  3.7
Unarmed Combat | 3 4 |  4.4
Fighting       | 3 |  3.3
Dodging        | 3 |  3.4

Action                     |  1- 3 |  4- 6 || total
---------------------------+-------+-------++-------
  Melee: Unarmed           |   134 |   102 ||   236
         Punch             |       |     1 ||     1
 Armour: Robe              |    65 |    30 ||    95
  Dodge: Dodged            |    69 |    34 ||   103
  Block: Kite shield       |    45 |       ||    45
         Other             |       |     6 ||     6
